Map: Ulrena

Players

Miszu

  • Race: Terran Terran
  • League: Master

A.I. 1 (Very Easy)

  • Race: Zerg Zerg

VOD

Have the link to the VOD?

Description

Time

  • Played on: April 7, 2016, 11:56 a.m.
  • Length: 4:59
Show
View Real Time Build Order
Export as new Build Order

Miszu Terran 

Build Orders: MMM Bio, Banshee Rush 

Get SALT Encoding   

  12  0:00  Cloaking Field, Terran Infantry Armor Level 1, Zerg Melee Weapons Level 2, Enduring Locusts, Protoss Ground Armor Level 1, Terran Infantry Weapons Level 1, Terran Ship Weapons Level 1, Centrifical Hooks, Zerg Flyer Weapons Level 3, Terran Infantry Armor Level 2, Protoss Air Armor Level 3, Metabolic Boost, Durable Materials, Terran Ship Armor Level 3, Terran Vehicle Armor Level 1, Terran Vehicle Armor Level 2, Zerg Flyer Armor Level 2, Terran Vehicle Weapons Level 3, Zerg Missile Weapons Level 3, Protoss Ground Weapons Level 2, Infernal Pre-Igniter, Extended Thermal Lance, Zerg Ground Armor Level 1, Zerg Ground Armor Level 3, Building Armor, Zerg Melee Weapons Level 1, Neural Parasite, Protoss Ground Armor Level 3, Zerg Flyer Armor Level 3, Protoss Ground Weapons Level 3, Protoss Air Weapons Level 2, Terran Vehicle Weapons Level 1, Protoss Ground Armor Level 2, Burrow, Protoss Air Weapons Level 3, Terran Ship Weapons Level 2, Protoss Shields Level 3, Zerg Flyer Weapons Level 2, Charge, Zerg Flyer Weapons Level 1, Terran Ship Weapons Level 3, Stimpack, Ventral Sacs, Protoss Shields Level 2, Zerg Missile Weapons Level 1, Zerg Ground Armor Level 2, Protoss Air Armor Level 2, Terran Ship Armor Level 2, Terran Vehicle Armor Level 3, Adrenal Glands, Resonating Glaives, Terran Ship Armor Level 1, Protoss Shields Level 1, Zerg Flyer Armor Level 1, Combat Shields, Terran Infantry Weapons Level 2, Terran Infantry Weapons Level 3, Personal Cloaking, Tunneling Claws, Terran Vehicle Weapons Level 2, Protoss Ground Weapons Level 1, Zerg Melee Weapons Level 3, Muscular Augments x2, Psionic Storm, Protoss Air Armor Level 1, Blink, Zerg Missile Weapons Level 2, Neosteel Frame, Warp Gate, Corvid Reactor, Glial Reconstitution, Protoss Air Weapons Level 1, Terran Infantry Armor Level 3, Chitinous Plating  
  12  0:05  Protoss Air Weapons Level 3, Zerg Missile Weapons Level 3, Protoss Shields Level 3, Terran Infantry Weapons Level 3, Zerg Flyer Armor Level 3, Zerg Ground Armor Level 3, Terran Infantry Armor Level 3, Zerg Melee Weapons Level 3, Terran Ship Armor Level 3, Zerg Flyer Weapons Level 3, Protoss Air Armor Level 3, Protoss Ground Armor Level 3, Terran Ship Weapons Level 3, Protoss Ground Weapons Level 3, Terran Vehicle Weapons Level 3, Terran Vehicle Armor Level 3  
    0:11  Pathogen Glands, Behemoth Reactor, Observer Gravitic Boosters, Hi-Sec Auto Tracking, Moebius Reactor, Caduceus Reactor, Graviton Catapult, Gravitic Drive  
    0:25  Weapon Refit, Pneumatized Carapace, SCV x12, Concussive Shells  
    0:26  Zerg Flyer Armor Level 2, Zerg Melee Weapons Level 2, Terran Vehicle Armor Level 2, Protoss Ground Weapons Level 2, Zerg Ground Armor Level 2, Terran Vehicle Weapons Level 2, Protoss Shields Level 2, Terran Infantry Armor Level 2, Protoss Air Armor Level 2, Zerg Missile Weapons Level 2, Protoss Ground Armor Level 2, Terran Ship Armor Level 2, Terran Infantry Weapons Level 2, Zerg Flyer Weapons Level 2, Protoss Air Weapons Level 2, Terran Ship Weapons Level 2  
    0:37  Unknown  
    0:38  SCV  
    0:41  Blink, Stimpack  
  13  0:48  Terran Ship Armor Level 1, Terran Infantry Armor Level 1, Zerg Melee Weapons Level 1, Zerg Flyer Armor Level 1, Protoss Ground Armor Level 1, Terran Infantry Weapons Level 1, Zerg Ground Armor Level 1, Protoss Ground Weapons Level 1, Protoss Air Armor Level 1, Protoss Shields Level 1, Terran Vehicle Armor Level 1, Warp Gate, Zerg Missile Weapons Level 1, Protoss Air Weapons Level 1, Zerg Flyer Weapons Level 1, Terran Vehicle Weapons Level 1, Terran Ship Weapons Level 1  
  13  0:50  SCV  
  13  0:55  Supply Depot  
  14  1:02  Charge, Building Armor, Extended Thermal Lance, Resonating Glaives  
  14  1:08  Unknown x5  
  14  1:09  Zerg Ground Armor Level 3, Protoss Air Weapons Level 3, Zerg Missile Weapons Level 3, Protoss Shields Level 3, Terran Infantry Weapons Level 3, Zerg Flyer Armor Level 3, Zerg Flyer Weapons Level 3, Terran Ship Armor Level 3, Zerg Melee Weapons Level 3, Adrenal Glands, Protoss Air Armor Level 3, Protoss Ground Armor Level 3, Terran Ship Weapons Level 3, Ventral Sacs, Protoss Ground Weapons Level 3, Terran Vehicle Weapons Level 3, Terran Infantry Armor Level 3, Terran Vehicle Armor Level 3  
    1:15  Enduring Locusts  
    1:16  Personal Cloaking  
    1:22  Psionic Storm  
    1:23  Cloaking Field, Combat Shields, Tunneling Claws, Centrifical Hooks, Metabolic Boost, Neural Parasite, Neosteel Frame, Corvid Reactor, Glial Reconstitution, Durable Materials, Infernal Pre-Igniter, Chitinous Plating  
    1:30  Zerg Flyer Armor Level 2, Zerg Melee Weapons Level 2, Terran Vehicle Armor Level 2, Protoss Ground Weapons Level 2, Zerg Ground Armor Level 2, Terran Vehicle Weapons Level 2, Protoss Shields Level 2, Terran Infantry Armor Level 2, Protoss Air Armor Level 2, Zerg Missile Weapons Level 2, Protoss Ground Armor Level 2, Terran Ship Armor Level 2, Terran Infantry Weapons Level 2, Zerg Flyer Weapons Level 2, Protoss Air Weapons Level 2, Terran Ship Weapons Level 2  
    1:31  Burrow, Muscular Augments x2  
    1:45  Pathogen Glands, Behemoth Reactor, Blink, Observer Gravitic Boosters, Stimpack, Hi-Sec Auto Tracking, Moebius Reactor, Caduceus Reactor, Graviton Catapult, Gravitic Drive  
    1:52  Terran Ship Armor Level 1, Terran Infantry Armor Level 1, Zerg Melee Weapons Level 1, Zerg Flyer Armor Level 1, Protoss Ground Armor Level 1, Terran Infantry Weapons Level 1, Zerg Ground Armor Level 1, Protoss Ground Weapons Level 1, Protoss Air Armor Level 1, Protoss Shields Level 1, Terran Vehicle Armor Level 1, Warp Gate, Zerg Missile Weapons Level 1, Protoss Air Weapons Level 1, Zerg Flyer Weapons Level 1, Terran Vehicle Weapons Level 1, Terran Ship Weapons Level 1  
    1:59  Weapon Refit, Pneumatized Carapace, Concussive Shells  
    2:06  Charge, Building Armor, Extended Thermal Lance, Resonating Glaives  
    2:13  Adrenal Glands, Ventral Sacs  
    2:19  Enduring Locusts  
    2:20  Personal Cloaking  
    2:21  Probe x12 (Chrono Boost)  
    2:26  Psionic Storm  
    2:27  Cloaking Field, Combat Shields, Tunneling Claws, Centrifical Hooks, Metabolic Boost, Neural Parasite, Neosteel Frame, Corvid Reactor, Glial Reconstitution, Durable Materials, Infernal Pre-Igniter, Chitinous Plating  
    2:31  Unknown  
    2:35  Burrow, Muscular Augments x2  
  12  2:42  Unknown x5  
    2:49  Pathogen Glands, Behemoth Reactor, Observer Gravitic Boosters, Hi-Sec Auto Tracking, Moebius Reactor, Caduceus Reactor, Graviton Catapult, Gravitic Drive  
    3:02  SCV x12  
    3:03  Weapon Refit, Pneumatized Carapace, Concussive Shells  
    3:14  SCV, Unknown  
  13  3:27  SCV  
  14  3:32  Supply Depot  
  15  3:46  Unknown x5  
Show
View Real Time Build Order
Export as new Build Order

A.I. 1 (Very Easy) Zerg 

Build Orders:  

Get SALT Encoding   

  12  0:00  Cloaking Field, Terran Infantry Armor Level 1, Zerg Melee Weapons Level 2, Enduring Locusts, Protoss Ground Armor Level 1, Terran Infantry Weapons Level 1, Terran Ship Weapons Level 1, Centrifical Hooks, Zerg Flyer Weapons Level 3, Terran Infantry Armor Level 2, Protoss Air Armor Level 3, Metabolic Boost, Durable Materials, Terran Ship Armor Level 3, Terran Vehicle Armor Level 1, Terran Vehicle Armor Level 2, Zerg Flyer Armor Level 2, Terran Vehicle Weapons Level 3, Zerg Missile Weapons Level 3, Protoss Ground Weapons Level 2, Infernal Pre-Igniter, Extended Thermal Lance, Zerg Ground Armor Level 1, Zerg Ground Armor Level 3, Building Armor, Zerg Melee Weapons Level 1, Neural Parasite, Protoss Ground Armor Level 3, Zerg Flyer Armor Level 3, Protoss Ground Weapons Level 3, Protoss Air Weapons Level 2, Terran Vehicle Weapons Level 1, Protoss Ground Armor Level 2, Burrow, Protoss Air Weapons Level 3, Terran Ship Weapons Level 2, Protoss Shields Level 3, Zerg Flyer Weapons Level 2, Charge, Zerg Flyer Weapons Level 1, Terran Ship Weapons Level 3, Stimpack, Ventral Sacs, Protoss Shields Level 2, Zerg Missile Weapons Level 1, Zerg Ground Armor Level 2, Protoss Air Armor Level 2, Terran Ship Armor Level 2, Terran Vehicle Armor Level 3, Adrenal Glands, Resonating Glaives, Terran Ship Armor Level 1, Protoss Shields Level 1, Zerg Flyer Armor Level 1, Combat Shields, Terran Infantry Weapons Level 2, Terran Infantry Weapons Level 3, Personal Cloaking, Tunneling Claws, Terran Vehicle Weapons Level 2, Protoss Ground Weapons Level 1, Zerg Melee Weapons Level 3, Muscular Augments x2, Psionic Storm, Protoss Air Armor Level 1, Blink, Zerg Missile Weapons Level 2, Neosteel Frame, Warp Gate, Corvid Reactor, Glial Reconstitution, Protoss Air Weapons Level 1, Terran Infantry Armor Level 3, Chitinous Plating  
  12  0:05  Protoss Air Weapons Level 3, Zerg Missile Weapons Level 3, Protoss Shields Level 3, Terran Infantry Weapons Level 3, Zerg Flyer Armor Level 3, Zerg Ground Armor Level 3, Terran Infantry Armor Level 3, Zerg Melee Weapons Level 3, Terran Ship Armor Level 3, Zerg Flyer Weapons Level 3, Protoss Air Armor Level 3, Protoss Ground Armor Level 3, Terran Ship Weapons Level 3, Protoss Ground Weapons Level 3, Terran Vehicle Weapons Level 3, Terran Vehicle Armor Level 3  
    0:11  Pathogen Glands, Behemoth Reactor, Observer Gravitic Boosters, Hi-Sec Auto Tracking, Moebius Reactor, Caduceus Reactor, Graviton Catapult, Gravitic Drive  
    0:19  Overlord  
    0:25  Weapon Refit, Pneumatized Carapace, Drone x12, Concussive Shells  
    0:26  Zerg Flyer Armor Level 2, Zerg Melee Weapons Level 2, Terran Vehicle Armor Level 2, Protoss Ground Weapons Level 2, Zerg Ground Armor Level 2, Terran Vehicle Weapons Level 2, Protoss Shields Level 2, Terran Infantry Armor Level 2, Protoss Air Armor Level 2, Zerg Missile Weapons Level 2, Protoss Ground Armor Level 2, Terran Ship Armor Level 2, Terran Infantry Weapons Level 2, Zerg Flyer Weapons Level 2, Protoss Air Weapons Level 2, Terran Ship Weapons Level 2  
    0:37  Unknown  
    0:39  Drone  
    0:41  Blink, Stimpack  
  13  0:45  Drone  
  13  0:48  Terran Ship Armor Level 1, Terran Infantry Armor Level 1, Zerg Melee Weapons Level 1, Zerg Flyer Armor Level 1, Protoss Ground Armor Level 1, Terran Infantry Weapons Level 1, Zerg Ground Armor Level 1, Protoss Ground Weapons Level 1, Protoss Air Armor Level 1, Protoss Shields Level 1, Terran Vehicle Armor Level 1, Warp Gate, Zerg Missile Weapons Level 1, Protoss Air Weapons Level 1, Zerg Flyer Weapons Level 1, Terran Vehicle Weapons Level 1, Terran Ship Weapons Level 1  
  14  1:02  Charge, Building Armor, Extended Thermal Lance, Resonating Glaives  
  14  1:08  Unknown x5  
  14  1:09  Zerg Ground Armor Level 3, Protoss Air Weapons Level 3, Zerg Missile Weapons Level 3, Protoss Shields Level 3, Terran Infantry Weapons Level 3, Zerg Flyer Armor Level 3, Zerg Flyer Weapons Level 3, Terran Ship Armor Level 3, Zerg Melee Weapons Level 3, Adrenal Glands, Protoss Air Armor Level 3, Protoss Ground Armor Level 3, Terran Ship Weapons Level 3, Ventral Sacs, Protoss Ground Weapons Level 3, Terran Vehicle Weapons Level 3, Terran Infantry Armor Level 3, Terran Vehicle Armor Level 3  
    1:15  Enduring Locusts  
    1:16  Personal Cloaking  
    1:22  Psionic Storm  
    1:23  Cloaking Field, Combat Shields, Tunneling Claws, Centrifical Hooks, Metabolic Boost, Neural Parasite, Neosteel Frame, Corvid Reactor, Glial Reconstitution, Durable Materials, Infernal Pre-Igniter, Chitinous Plating  
    1:30  Zerg Flyer Armor Level 2, Zerg Melee Weapons Level 2, Terran Vehicle Armor Level 2, Protoss Ground Weapons Level 2, Zerg Ground Armor Level 2, Terran Vehicle Weapons Level 2, Protoss Shields Level 2, Terran Infantry Armor Level 2, Protoss Air Armor Level 2, Zerg Missile Weapons Level 2, Protoss Ground Armor Level 2, Terran Ship Armor Level 2, Terran Infantry Weapons Level 2, Zerg Flyer Weapons Level 2, Protoss Air Weapons Level 2, Terran Ship Weapons Level 2  
    1:31  Burrow, Muscular Augments x2  
    1:45  Pathogen Glands, Behemoth Reactor, Blink, Observer Gravitic Boosters, Stimpack, Hi-Sec Auto Tracking, Moebius Reactor, Caduceus Reactor, Graviton Catapult, Gravitic Drive  
    1:52  Terran Ship Armor Level 1, Terran Infantry Armor Level 1, Zerg Melee Weapons Level 1, Zerg Flyer Armor Level 1, Protoss Ground Armor Level 1, Terran Infantry Weapons Level 1, Zerg Ground Armor Level 1, Protoss Ground Weapons Level 1, Protoss Air Armor Level 1, Protoss Shields Level 1, Terran Vehicle Armor Level 1, Warp Gate, Zerg Missile Weapons Level 1, Protoss Air Weapons Level 1, Zerg Flyer Weapons Level 1, Terran Vehicle Weapons Level 1, Terran Ship Weapons Level 1  
    1:59  Weapon Refit, Pneumatized Carapace, Concussive Shells  
    2:06  Charge, Building Armor, Extended Thermal Lance, Resonating Glaives  
    2:13  Overlord, Adrenal Glands, Ventral Sacs  
    2:19  Enduring Locusts, Drone x12  
    2:20  Personal Cloaking  
    2:26  Psionic Storm  
    2:27  Cloaking Field, Combat Shields, Tunneling Claws, Centrifical Hooks, Metabolic Boost, Neural Parasite, Neosteel Frame, Corvid Reactor, Glial Reconstitution, Durable Materials, Infernal Pre-Igniter, Chitinous Plating  
    2:31  Unknown  
    2:35  Burrow, Muscular Augments x2  
  13  2:42  Unknown x5  
    2:49  Pathogen Glands, Behemoth Reactor, Observer Gravitic Boosters, Hi-Sec Auto Tracking, Moebius Reactor, Caduceus Reactor, Graviton Catapult, Gravitic Drive  
    2:56  Overlord  
    3:02  Drone x12  
    3:03  Weapon Refit, Pneumatized Carapace, Concussive Shells  
    3:14  Unknown  
    3:15  Drone  
  13  3:22  Drone  
  14  3:46  Unknown x5  
Tags
 
Composition
MMM Bio
League
Master
Matchup
TvZ
Strategy
Banshee Rush
Add a new tag
Caveats
  • Supply blocks, unpowered buildings, or Contaminate may cause inaccurate times.
  • Supply counts are checked every 10 seconds.